 Dungeon Crawl Stone Soup version 0.28.0-45-g0d030f2227 (webtiles) character file.

Game seed: 556353677053163056

4146 Iusername the Carver (level 10, -4/88 HPs)
             Began as a Minotaur Fighter on Apr 21, 2022.
             Was an Initiate of Dithmenos.
             Slain by a yak (10 damage)
             ... on level 12 of the Dungeon.
             The game lasted 00:25:46 (9818 turns).

Iusername the Carver (Minotaur Fighter)             Turns: 9818, Time: 00:25:47

Health: -4/88      AC: 19    Str: 24    XL:     10   Next: 7%
Magic:  9/9        EV:  9    Int: 11    God:    Dithmenos [......]
Gold:   449        SH:  5    Dex: 11    Spells: 8/9 levels left

rFire   . . .      SeeInvis .   q - +6 falchion
rCold   . . .      Faith    .   c - +0 buckler
rNeg    . . .      Spirit   .   z - +1 chain mail of the Gusle {Int+6}
rPois   .          Reflect  .   (helmet restricted)
rElec   .          Harm     .   (no cloak)
rCorr   .          Rampage  .   J - +0 pair of gloves
Will    +....                   m - +0 pair of boots
Stlth   ..........              x - amulet of magic regeneration
HPRegen 0.24/turn               w - +4 ring of protection
MPRegen 0.51/turn               d - ring of willpower

@: studying Polearms
A: horns 2, retaliatory headbutt
a: Renounce Religion


You were on level 12 of the Dungeon.
You worshipped Dithmenos.
Dithmenos was noncommittal.
You visited 2 branches of the dungeon, and saw 11 of its levels.

You collected 449 gold pieces.

Inventory:

Hand Weapons
 k - a +0 flail of protection
 q - a +6 falchion (weapon)
 M - a +6 war axe
Missiles
 s - 22 poisoned darts
Armour
 c - a +0 buckler (worn)
 m - a +0 pair of boots (worn)
 z - the +1 chain mail of the Gusle (worn) {Int+6}
   (You found it on level 5 of the Dungeon)

   Int:       It affects your intelligence (+6).
 G - +0 steam dragon scales
 J - a +0 pair of gloves (worn)
Jewellery
 d - a ring of willpower (right hand)
 o - a ring of resist corrosion
 w - a +4 ring of protection (left hand)
 x - an amulet of magic regeneration (around neck)
 C - a ring of wizardry
 H - the ring "Nuzim" {rN+ rCorr}
   (You found it on level 7 of the Dungeon)

   [ring of positive energy]

   rN:        It protects you from negative energy.
   rCorr:     It protects you from acid and corrosion.
 N - a ring of magical power
Wands
 e - a wand of flame (21) (quivered)
 p - a wand of charming (15)
 A - a wand of iceblast (3)
 D - a wand of digging (4)
 K - a wand of paralysis (6)
 L - a wand of mindburst (14)
Scrolls
 a - 2 scrolls of immolation {unknown}
 b - 4 scrolls of identify
 f - 2 scrolls of blinking
 h - 2 scrolls of summoning
 r - 2 scrolls of vulnerability {unknown}
 t - a scroll of silence {unknown}
 u - 2 scrolls of enchant armour {unknown}
 v - 3 scrolls of amnesia
 y - a scroll of fog {unknown}
 E - a scroll of teleportation {unknown}
 F - a scroll of magic mapping {unknown}
Potions
 g - 4 potions of curing
 i - a potion of lignification
 j - 3 potions of heal wounds {unknown}
 l - a potion of flight
 n - 3 potions of haste {unknown}
 B - 2 potions of degeneration {unknown}
 I - a potion of berserk rage {unknown}
 O - a potion of brilliance {unknown}


   Skills:
 + Level 8.2 Fighting
 + Level 10.7 Long Blades
 + Level 3.5 Maces & Flails
 + Level 9.3 Armour
 + Level 3.3 Dodging
 + Level 1.3 Stealth
 + Level 6.3 Shields
 + Level 1.4 Evocations


You had 8 spell levels left.
You knew the following spells:

 Your Spells              Type           Power      Damage    Failure   Level
a - Animate Skeleton      Necr           0%         N/A       94%         1

Your spell library contained the following spells:

 Spells                   Type           Power      Damage    Failure   Level
 Apportation              Tloc           0%         N/A       94%         1
 Pain                     Necr           0%         1d4       94%         1
 Summon Small Mammal      Summ           0%         N/A       94%         1
 Blink                    Tloc           0%         N/A       98%         2
 Lesser Beckoning         Tloc           0%         N/A       100%        3
 Stone Arrow              Conj/Erth      0%         3d7       100%        3
 Animate Armour           Summ/Erth      0%         N/A       100%        4
 Cause Fear               Hex            0%         N/A       100%        4
 Agony                    Necr           0%         N/A       100%        5
 Excruciating Wounds      Necr           0%         N/A       100%        5
 Manifold Assault         Tloc           0%         N/A       100%        5
 Dragon Form              Tmut           0%         N/A       100%        7
 Lehudib's Crystal Spear  Conj/Erth      0%         10d2      100%        8
 Dragon's Call            Summ           0%         N/A       100%        9


Dungeon Overview and Level Annotations

Branches:
Dungeon (9/15)             Temple (1/1) D:7            Lair (0/6) D:8
    Orc: D:9-12

Altars:
Ashenzari
Cheibriados
Dithmenos
Elyvilon
Fedhas
Gozag
Hepliaklqana
Kikubaaqudgha
Makhleb
Nemelex Xobeh
Okawaru
Qazlal
Ru
Sif Muna
Trog
Uskayaw
Vehumet
Wu Jian
Xom
Yredelemnul
Zin
The Shining One

Shops:
D:1 ?


Innate Abilities, Weirdness & Mutations

You have a pair of horns on your head.
You reflexively headbutt those who attack you in melee.


Message History

The yak gores you.
* * * LOW HITPOINT WARNING * * *
You slash the boulder beetle!
The boulder beetle is moderately wounded.
An orc comes into view. It is wielding a +0 mace.
The yak gores you but does no damage. The yak gores you.
* * * LOW HITPOINT WARNING * * *
The boulder beetle leaps!
You are too injured to fight recklessly!
You are too injured to fight recklessly!
The orc shouts!
You slash the yak! Your headbutt misses the yak.
The yak is lightly wounded.
The yak gores you but does no damage. You block the yak's attack. x2
An orc comes into view. It is wielding a +0 short sword.
The orc shouts!
You slash the yak!
The yak is heavily wounded.
The yak barely misses you. The yak completely misses you.
The boulder beetle leaps!
The yak gores you but does no damage.
You block the yak's attack. x2; The yak gores you but does no damage.
You slash the yak! You headbutt the yak!
The yak is almost dead.
You block the yak's attack. The yak closely misses you.
You furiously retaliate!
You headbutt the yak, but do no damage.
The yak gores you but does no damage. x2; The yak closely misses you.
You furiously retaliate!
You headbutt the yak! The yak gores you but does no damage.
You hit the yak.
You kill the yak!
Dithmenos accepts your kill. The yak gores you!
* * * LOW HITPOINT WARNING * * *
The yak gores you.
* * * LOW HITPOINT WARNING * * *
The yak barely misses you.
You slash the troll! Your headbutt misses the troll.
The troll is moderately wounded.
The yak gores you!
You die...

... ......#[.
...####.#.#.#.#
##.........>..#
...o...o.......
#..o....).>...
#.?...{......?
#....YYY......
#.....@T......
.......YY......
..!............
..#.##.#..##.##
. # .. B## ..
#.# .# . .. ..
##+ ##


You could see a boulder beetle, 5 yaks, a troll, an orc priest and 2 orcs.

Vanquished Creatures
  Maggie (D:8)
  A gargoyle (D:8)
  4 yaks
  2 wraiths
  A steam dragon (D:7)
  3 water moccasins
  An orc warrior (D:8)
  2 ogres
  2 ice beasts
  A necrophage (D:7)
  A centaur (D:7)
  A phantom (D:5)
  A kobold brigand (D:8)
  A bullfrog (D:8)
  A gnoll sergeant (D:8)
  A scorpion (D:5)
  A water moccasin skeleton (D:5)
  3 wights (D:8)
  2 centaur zombies
  3 bullfrog zombies
  2 hounds (D:6)
  A centaur skeleton (D:4)
  4 jellies
  3 orc priests
  6 iguanas
  Ijyb (D:3)
  6 orc wizards
  2 killer bee zombies
  A howler monkey zombie (D:8)
  3 gnolls (D:8)
  10 adders
  3 white imps (D:6)
  3 ufetubi
  An adder skeleton (D:3)
  A worm (D:3)
  A dart slug (D:1)
  31 orcs
  4 endoplasms
  4 giant cockroaches
  5 hobgoblins
  3 jackals (D:3)
  A quokka (D:4)
  6 ball pythons
  5 bats
  5 frilled lizards
  14 goblins
  10 kobolds
  9 rats
178 creatures vanquished.

Notes
Turn   | Place    | Note
-------+----------+-------------------------------------------
     0 | D:1      | Iusername the Minotaur Fighter began the quest for the Orb.
     0 | D:1      | Reached XP level 1. HP: 19/19 MP: 0/0
    52 | D:1      | Found Teaq Qon's Magic Scroll Shop.
   256 | D:1      | Reached XP level 2. HP: 18/27 MP: 1/1
  1032 | D:2      | Reached XP level 3. HP: 22/33 MP: 2/2
  1425 | D:2      | Reached skill level 3 in Long Blades
  1897 | D:2      | Reached XP level 4. HP: 36/41 MP: 3/3
  2303 | D:3      | Reached skill level 5 in Armour
  2310 | D:3      | Reached XP level 5. HP: 24/47 MP: 4/4
  2585 | D:3      | Found an ornate altar of the Wu Jian Council.
  3207 | D:3      | Reached skill level 1 in Maces & Flails
  3706 | D:3      | Noticed Ijyb
  3724 | D:3      | Killed Ijyb
  3725 | D:3      | Reached skill level 1 in Dodging
  4129 | D:4      | Noticed a water moccasin
  4134 | D:4      | Reached XP level 6. HP: 49/53 MP: 5/5
  4137 | D:4      | Killed a water moccasin
  4694 | D:4      | Found a white marble altar of Elyvilon.
  4844 | D:4      | Reached skill level 4 in Long Blades
  4844 | D:4      | Reached XP level 7. HP: 60/60 MP: 6/6
  4919 | D:5      | Entered Level 5 of the Dungeon
  4957 | D:5      | Identified the +1 chain mail of the Gusle {Int+6}
  5031 | D:5      | Reached skill level 5 in Fighting
  5089 | D:5      | Reached skill level 5 in Long Blades
  5835 | D:6      | Reached XP level 8. HP: 62/69 MP: 7/7
  5903 | D:6      | Reached skill level 6 in Long Blades
  6022 | D:6      | Learned a level 1 spell: Animate Skeleton
  6323 | D:6      | Reached skill level 7 in Long Blades
  6323 | D:6      | Reached skill level 5 in Shields
  6726 | D:7      | Found a staircase to the Ecumenical Temple.
  6792 | Temple   | Entered the Ecumenical Temple
  7188 | D:7      | Reached skill level 8 in Long Blades
  7314 | D:7      | Found a broken altar of Ashenzari.
  7314 | D:7      | Found a shimmering altar of Xom.
  7400 | D:7      | Reached XP level 9. HP: 55/78 MP: 8/8
  7536 | D:7      | Found a basalt altar of Yredelemnul.
  7608 | D:7      | Identified the ring "Nuzim" {rN+ rCorr}
  7694 | D:7      | Reached skill level 1 in Stealth
  7959 | D:8      | Found a staircase to the Lair.
  8022 | D:8      | Noticed Maggie
  8037 | D:8      | Killed Maggie
  8038 | D:8      | Reached skill level 9 in Long Blades
  8157 | D:8      | Found a shadowy altar of Dithmenos.
  8162 | D:8      | Became a worshipper of Dithmenos the Shadowed
  8346 | D:8      | Found an iron altar of Okawaru.
  8946 | D:8      | Noticed a gargoyle
  8965 | D:8      | Killed a gargoyle
  8966 | D:8      | Reached skill level 10 in Long Blades
  8966 | D:8      | Reached skill level 1 in Evocations
  8969 | D:8      | HP: 4/81 [orc priest/divine providence (14)]
  9702 | D:9      | Reached XP level 10. HP: 85/88 MP: 9/9
  9798 | D:9      | You fall into a shaft and drop 3 floors!
  9798 | D:12     | Noticed a boulder beetle
  9818 | D:12     | Slain by a yak

Illustrated notes

Levels and vault maps discovered:
D:1:      ncdulo_lavacross, layout_loops_ring, serial_shops, shop,
          serial_rivers, chequers_serial_rivers_micro_c,
          chequers_serial_rivers_micro_c, chequers_serial_rivers_small_3,
          chequers_serial_rivers_micro_c, chequers_serial_rivers_micro_e,
          st_stairs_3
D:2:      layout_basic, kennysheep_small_spiral, minmay_tetromino_i4
D:3:      kennysheep_goblin_castle, layout_loops_cross,
          nicolae_wu_jian_immortal_techniques, gup_sewer_entry_bowl
D:4:      layout_basic, overflow_temple_1_default, grunt_ministairs_15,
          palyth_stone_intersect
D:5:      layout_loops_ring
D:6:      layout_loops_cross, grunt_ministairs_15, minmay_manual_maat
D:7:      layout_loops_cross, mainiacjoe_overflow_surrounded_room,
          gammafunk_temple_overflow_statue, minmay_temple_entry_antechambers
D:8:      layout_gridville, okawaru_gym_becter, lemuel_doored_altar,
          dpeg_oklobed_lair, uniq_maggie
D:9:      layout_gridville, enter_bailey_3, hangedman_decor_peaks_small,
          chequers_jeans
D:12:     layout_rooms, minivault_25_ag, minmay_misc_feat_four_crosses,
          kennysheep_pointless_box
Temple:   regret_index_temple_generic_petals

Skill      XL: |  1  2  3  4  5  6  7  8  9 |
---------------+----------------------------+-----
Armour         | 4 5 6 7 8 9 |  9.3
Fighting       | 4 5 6 8 |  8.2
Long Blades    | 3 4 5 8 10 | 10.7
Shields        | 4 5 6 |  6.3
Maces & Flails | 2 3 |  3.5
Dodging        | 1 2 3 |  3.3
Stealth        | 1 |  1.3
Evocations     | 1 |  1.4

Action                   |  1- 3 |  4- 6 |  7- 9 | 10-12 || total
-------------------------+-------+-------+-------+-------++-------
Melee: Long sword        |    68 |     1 |       |       ||    69
       Headbutt          |     8 |    30 |    64 |     3 ||   105
       Flail             |       |   106 |       |       ||   106
       Falchion          |       |    48 |   270 |    13 ||   331
Evoke: Wand              |       |       |     8 |     9 ||    17
  Use: Scroll            |       |     3 |     7 |       ||    10
       Potion            |       |     1 |     1 |       ||     2
Armor: Scale mail        |    23 |    99 |     2 |       ||   124
       Chain mail        |       |       |   142 |    23 ||   165
Dodge: Dodged            |    33 |    72 |   116 |    18 ||   239
Block: Buckler           |    10 |    34 |    53 |     9 ||   106
